 Dungeon Crawl Stone Soup version 0.31.0-11-ge490571c62 (webtiles) character file.

Game seed: 10887927046089147263

754 qw the Ducker (level 7, -13/35 HPs)
             Began as a Spriggan Hunter on Feb 4, 2024.
             Mangled by a bullfrog (15 damage)
             ... on level 5 of the Dungeon.
             The game lasted 00:00:18 (4366 turns).

qw the Ducker (Spriggan Hunter)                     Turns: 4366, Time: 00:00:19

Health: -13/35     AC:  2    Str:  7    XL:     7   Next: 49%
Magic:  8/8        EV:  4    Int: 11    God:
Gold:   322        SH:  0    Dex: 20    Spells: 6/6 levels left

rFire   . . .        a - +0 shortbow
rCold   . . .        (shield currently unavailable)
rNeg    . . .        c - +0 robe
rPois   .            (helmet restricted)
rElec   .            (no cloak)
rCorr   .            (gloves unavailable)
SInv    +            (boots unavailable)
Will    +....        (no amulet)
Stlth   ++           (no ring)
HPRegen 0.25/turn    (no ring)
MPRegen 0.11/turn

%: no passive effects
@: about to teleport, sleeping, very quick
A: very small, no large weapons, unfitting armour, see invisible, speed 3
a: no special abilities


You were on level 5 of the Dungeon.
You visited 2 branches of the dungeon, and saw 7 of its levels.

You collected 322 gold pieces.


Innate Abilities, Weirdness & Mutations

You are very small and have problems with some larger weapons.
You are too small for most types of armour.
You have supernaturally acute eyesight. (SInv)
You cover ground extremely quickly. (Speed+++)


   Skills:
 - Level 2.2 Fighting
 + Level 7.3 Ranged Weapons
 - Level 7.4 Dodging
 - Level 1.5 Stealth


You had 6 spell levels left.
You didn't know any spells.
Your spell library was empty.

Inventory:

Hand Weapons
 a - a +0 shortbow (weapon)
Armour
 c - a +0 robe (worn)
Jewellery
 f - a ring of ice
Wands
 h - a wand of polymorph (7)
 i - a wand of flame (14)
Scrolls
 e - 4 scrolls of identify
 l - a scroll of enchant armour
Potions
 d - 3 potions of curing
 g - a potion of resistance

Dungeon Overview and Level Annotations

Branches:
Dungeon (6/15)             Temple (1/1) D:4

Altars:
Ashenzari
Elyvilon
Gozag
Hepliaklqana
Kikubaaqudgha
Makhleb
Nemelex Xobeh
Qazlal
Ru
Sif Muna
Trog
Uskayaw
Vehumet
Wu Jian
Xom
Yredelemnul

Shops:
D:1 *   D:2 (

Portals:
Abyss: D:5

Annotations:
D:5 2 transporters, qw's ghost, novice DEHu


Message History

The ogre hits you with a +0 giant club.
You shoot an arrow. The arrow barely misses the ogre.
The ogre misses you.
You shoot an arrow. The arrow hits the ogre.
The ogre is severely wounded.
You shoot an arrow. The arrow hits the ogre!
You kill the ogre!
You start resting.
HP restored.
You climb downwards.
The bullfrog completely misses you. The sleepcap closely misses you.
The orc hits you with a +0 club. The orc hits you but does no damage.
The bullfrog completely misses you.
There is a stone staircase leading up here.
4360 ||| STAIRDANCE The bullfrog hits you.
The sleepcap closely misses you. The orc barely misses you. The orc misses you.
You climb upwards.
Level annotation: 2 transporters, qw's ghost, novice DEHu
There is a stone staircase leading down here.
You shoot an arrow.
The arrow hits the bullfrog but does no damage.
The bullfrog closely misses you. The orc misses you.
The orc completely misses you. The sleepcap releases spores at you!
The bullfrog hits you.
You shoot an arrow. The arrow closely misses the bullfrog.
The bullfrog hits you! The orc completely misses you. The orc misses you.
The sleepcap barely misses you.
4364 ||| READING scroll of teleportation.
As you read the scroll of teleportation, it crumbles to dust.
You feel strangely unstable. The bullfrog barely misses you.
The orc closely misses you. x2
The sleepcap barely misses you. The bullfrog closely misses you.
You shoot an arrow. The arrow hits the bullfrog!
The bullfrog is heavily wounded.
The bullfrog misses you. The orc completely misses you.
The orc barely misses you. The sleepcap releases spores at you!
You are engulfed in a cloud of soporific spores!
You fall asleep.
The bullfrog hits you!
You die...

## ##........##.........#.#.#
.###..####[..###....##.###.##
.%....####...# ##...##.# ###
.......##....# #..##.##
.......##....## #?.#..#
..............###....##
...............##.##..######
...............).F###.#....#
<........###...f@.......####
..........###...oo.###...##
##........###....### ##...##
###......##.....# #..#..# #
##...#..#..#..#####.##### #
##(..#..........##.## ##
#....#.............#
.###......##..#...##.##
.##.....#####.###..##.#


You could see a sleepcap, a bullfrog and 2 orcs.

Vanquished Creatures
  Sigmund (D:5)
  A centaur (D:5)
  An ogre (D:5)
  A bullfrog (D:4)
  2 jellies (D:4)
  A hound (D:5)
  An iguana (D:3)
  A gnoll bouda (D:4)
  An orc wizard (D:5)
  6 gnolls
  7 adders
  A ribbon worm (D:2)
  5 orcs
  7 ball pythons
  8 endoplasms
  4 giant cockroaches (D:1)
  3 goblins
  4 hobgoblins (D:3)
  4 jackals (D:1)
  4 quokkas
  4 bats
  6 frilled lizards
  7 kobolds
  8 rats
  A spectral kobold (D:1)
89 creatures vanquished.

Notes
Turn   | Place    | Note
-------+----------+-------------------------------------------
     0 | D:1      | qw the Spriggan Hunter began the quest for the Orb.
     0 | D:1      | Reached XP level 1. HP: 10/10 MP: 2/2
     0 | D:1      | 0 ||| qw: Version: 0.3-a-160-g6735b56
     0 | D:1      | 0 ||| qw: Game counter: 5486
     0 | D:1      | 0 ||| qw: Melee chars always use a shield: true
     0 | D:1      | 0 ||| qw: God list: Okawaru
     0 | D:1      | 0 ||| qw: Allow faded altars: false
     0 | D:1      | 0 ||| qw: Do Orc after clearing Dungeon:15 true
     0 | D:1      | 0 ||| qw: Do second Lair branch before Depths: true
     0 | D:1      | 0 ||| qw: Lair rune preference: random
     0 | D:1      | 0 ||| qw: Goals: Normal
     0 | D:1      | 0 ||| PLANNING D:1-11
    38 | D:1      | Found a faded altar of an unknown god.
    81 | D:1      | Reached skill level 3 in Dodging
   135 | D:1      | Found Zotriops's Assorted Antiques.
   143 | D:1      | 143 ||| SHOPLISTING 2 metallic yellow potions (52 gold,
                  | have 20).
   143 | D:1      | 143 ||| SHOPLISTING embroidered robe (107 gold, have 20).
   143 | D:1      | 143 ||| SHOPLISTING murky yellow potion (26 gold, have 20).
   143 | D:1      | 143 ||| SHOPLISTING sapphire ring (145 gold, have 20).
   143 | D:1      | 143 ||| SHOPLISTING scroll labelled UCZUZI ZAWU (29 gold,
                  | have 20).
   143 | D:1      | 143 ||| SHOPLISTING sedimented amethyst potion (26 gold,
                  | have 20).
   174 | D:1      | Reached XP level 2. HP: 14/14 MP: 3/3
   214 | D:1      | HP: 3/14 [jackal (1)]
   340 | D:1      | You fall into a shaft and drop 1 floor!
   396 | D:2      | Reached XP level 3. HP: 18/18 MP: 4/4
   611 | D:2      | 611 ||| READING scroll labelled RUTHRA BETEU.
   612 | D:2      | 612 ||| READING scroll labelled EKUERE PIUZ.
   645 | D:2      | 645 ||| READING scroll labelled UCZUZI ZAWU.
   645 | D:2      | 645 ||| IDENTIFYING murky yellow potion
   646 | D:2      | 646 ||| READING scroll labelled KEHIVE TAIHAET.
   647 | D:2      | 647 ||| DROPPING scroll of butterflies.
   649 | D:2      | 649 ||| Stepping ~*~*~tactically~*~*~ (cloud).
  1064 | D:1      | 1064 ||| READING scroll labelled YNANUK MUPH.
  1182 | D:2      | Found Ehashraos's Antique Weapon Boutique.
  1475 | D:2      | 1475 ||| READING scroll labelled ICOIQ XYZUQ.
  1475 | D:2      | 1475 ||| ENCHANTING +0 shortbow.
  1476 | D:2      | 1476 ||| READING scroll labelled UROKHY LULIDUG.
  1477 | D:2      | 1477 ||| READING scroll labelled UFABRE DOMYNN.
  1578 | D:2      | 1578 ||| READING scroll labelled ITAVVECK ZOOW.
  1695 | D:3      | Reached XP level 4. HP: 22/22 MP: 5/5
  2081 | D:3      | Reached XP level 5. HP: 18/26 MP: 6/6
  2350 | D:3      | 2350 ||| READING 3 scrolls of identify.
  2350 | D:3      | 2350 ||| IDENTIFYING coppery potion
  2351 | D:3      | 2351 ||| READING 2 scrolls of identify.
  2351 | D:3      | 2351 ||| IDENTIFYING bubbling golden potion
  2352 | D:3      | 2352 ||| READING scroll of identify.
  2352 | D:3      | 2352 ||| IDENTIFYING 2 metallic yellow potions
  2353 | D:3      | 2353 ||| READING scroll labelled GEIDA IFYRPH.
  2354 | D:3      | 2354 ||| READING scroll labelled YVUAMOPP RIOZ.
  2355 | D:3      | 2355 ||| DROPPING potion of attraction.
  2356 | D:3      | 2356 ||| DROPPING potion of degeneration.
  2529 | D:4      | Reached skill level 6 in Ranged Weapons
  2532 | D:4      | Reached XP level 6. HP: 19/30 MP: 7/7
  2695 | D:4      | Found a staircase to the Ecumenical Temple.
  2696 | D:4      | 2696 ||| PLANNING TEMPLE
  2703 | Temple   | Entered the Ecumenical Temple
  2704 | Temple   | 2704 ||| PLANNING D:1-11
  2845 | D:4      | Reached skill level 6 in Dodging
  3091 | D:4      | 3091 ||| DROPPING amulet of magic regeneration.
  3112 | D:5      | Entered Level 5 of the Dungeon
  3326 | D:5      | 3326 ||| FLEEEEING.
  3328 | D:5      | 3328 ||| FLEEEEING.
  3329 | D:5      | 3329 ||| FLEEEEING.
  3330 | D:5      | 3330 ||| FLEEEEING.
  3331 | D:5      | 3331 ||| FLEEEEING.
  3332 | D:5      | 3332 ||| FLEEEEING.
  3333 | D:5      | 3333 ||| FLEEEEING.
  3334 | D:5      | 3334 ||| FLEEEEING.
  3335 | D:5      | 3335 ||| FLEEEEING.
  3336 | D:5      | 3336 ||| FLEEEEING.
  3337 | D:5      | 3337 ||| FLEEEEING.
  3338 | D:5      | 3338 ||| FLEEEEING.
  3339 | D:5      | 3339 ||| FLEEEEING.
  3340 | D:5      | 3340 ||| FLEEEEING.
  3341 | D:5      | 3341 ||| FLEEEEING.
  3343 | D:5      | 3343 ||| FLEEEEING.
  3354 | D:5      | Reached XP level 7. HP: 14/35 MP: 8/8
  3451 | D:5      | Found a transporter.
  3457 | D:5      | Found a one-way gate to the infinite horrors of the Abyss.
  3457 | D:5      | Noticed qw's ghost (novice DEHu)
  3525 | D:5      | Found a transporter.
  3543 | D:5      | Noticed Sigmund
  3558 | D:5      | Killed Sigmund
  4343 | D:6      | 4343 ||| STAIRDANCE
  4360 | D:6      | 4360 ||| STAIRDANCE
  4363 | D:5      | HP: 8/35 [bullfrog (8)]
  4364 | D:5      | 4364 ||| READING scroll of teleportation.
  4365 | D:5      | HP: 2/35 [sleepcap (7)]
  4366 | D:5      | Mangled by a bullfrog

Levels and vault maps discovered:
D:1:      roderic_crossed_star, layout_loops_cross, serial_shops, shop,
          dreamdust_ecumenical_altar_drowned_temple, minmay_octomino_c4
D:2:      layout_basic, serial_shops, shop, grunt_decor_one_mirror,
          nicolae_titane
D:3:      layout_basic, grunt_ministairs_2, minmay_fractal_squares_gapless_5
D:4:      layout_loops_ring, temple_green
D:5:      layout_layer_cave, gammafunk_ghost_abyssal_escape,
          hangedman_abyss_or_decor_stabs, st_stairs_5, grunt_decor_fettered,
          uniq_sigmund
D:6:      layout_rooms, grunt_dithmenos_smoke, uniq_grinder
Temple:   nicolae_temple_bog_church

Skill      XL: |  1  2  3  4  5  6  7 |
---------------+----------------------+-----
Dodging        | 3 4 5 6 7 |  7.4
Ranged Weapons | 5 6 7 |  7.3
Fighting       | 2 |  2.2
Stealth        | |  1.5

Action                     |  1- 3 |  4- 6 |  7- 9 || total
---------------------------+-------+-------+-------++-------
   Fire: Shortbow          |   110 |   143 |    45 ||   298
    Use: Scroll            |     9 |     5 |     1 ||    15
 Armour: Robe              |    14 |    21 |    16 ||    51
  Dodge: Dodged            |    57 |    58 |    43 ||   158

Table legend:
 A = Non-vault XP
 B = Vault XP
 C = Vault XP percentage of total XP
 D = Non-vault monster count
 E = Vault monster count
 F = Vault count percentage of total count
                 A         B        C        D         E       F
            +---------+---------+-------+---------+---------+-------
      Total |     727 |     351 |  32.6 |      72 |      17 |  19.1
            +---------+---------+-------+---------+---------+-------
        D:1 |      36 |      14 |  28.0 |      23 |       9 |  28.1
        D:2 |      31 |       0 |   0.0 |      11 |       0 |   0.0
        D:3 |     103 |      58 |  36.0 |      18 |       5 |  21.7
        D:4 |     283 |       0 |   0.0 |      13 |       0 |   0.0
        D:5 |     274 |     279 |  50.5 |       7 |       3 |  30.0
            +---------+---------+-------+---------+---------+-------
